 Dungeon Crawl Stone Soup version 0.32-a0-131-g9dbbe29 (webtiles) character file.

Game seed: 10952417920581995307

9 Dorkslayer the Trooper (level 2, 0/21 HPs)
             Began as an Octopode Fighter on Feb 8, 2024.
             Slain by a bat (1 damage)
             ... on level 1 of the Dungeon.
             The game lasted 00:00:26 (230 turns).

Dorkslayer the Trooper (Octopode Fighter)            Turns: 230, Time: 00:00:26

Health: 0/21       AC:  1    Str: 15    XL:     2   Next: 16%
Magic:  2/2        EV: 13    Int: 10    God:
Gold:   0          SH:  4    Dex: 11    Spells: 1/1 levels left

rFire   . .          .
                       - Unarmed
rCold   . . .        a - +0 buckler
rNeg    . . .        (helmet restricted)
rPois   .            (no amulet)
rElec   .            (no ring)
rCorr   .            (no ring)
SInv    .            (no ring)
Will    .....        (no ring)
Stlth   ++           (no ring)
HPRegen 0.23/turn    (no ring)
MPRegen 0.08/turn    (no ring)
                     (no ring)

%: no passive effects
@: no status effects
A: almost no armour, amphibious, 8 rings, camouflage 1, gelatinous body 1,
(nimble swimmer 1), tentacles
a: no special abilities


You were on level 1 of the Dungeon.
You visited 1 branch of the dungeon, and saw 1 of its levels.

Inventory:

Armour
 a - a +0 buckler (worn)
Potions
 b - a potion of might
 c - a potion of curing {unknown}


   Skills:
 + Level 3.2 Fighting
 + Level 3.1 Dodging
 + Level 0.6 Stealth
 + Level 3.1 Shields
 * Level 2.2 Unarmed Combat


You had one spell level left.
You didn't know any spells.
Your spell library was empty.

Dungeon Overview and Level Annotations

Branches:
Dungeon (1/15)

Altars:


Innate Abilities, Weirdness & Mutations

You cannot wear most types of armour.
You are amphibious.
You can wear up to eight rings at the same time.
Your skin changes colour to match your surroundings (Stealth+).
Your rubbery body absorbs attacks. (AC +1, EV +1)
((You are camouflaged when in or above water. (Stealth+)))
You have tentacles for arms and can constrict up to eight enemies at once.


Message History

The ball python completely misses you. The ball python closely misses you.
The rat bites you.
You closely miss the rat. You grab the rat.
You tentacle-slap the rat, but do no damage.
You constrict the rat.
You kill the rat!
The ball python closely misses you. The ball python barely misses you.
You tentacle-slap the quokka. You grab the quokka.
The quokka is heavily wounded.
You constrict the quokka. The ball python bites you.
The ball python closely misses you. The quokka bites you.
You barely miss the quokka.
The quokka is severely wounded.
You constrict the quokka.
You kill the quokka!
The ball python misses you. The ball python barely misses you.
You closely miss the quokka. Your grab misses the quokka.
The ball python bites you. The ball python barely misses you.
The quokka misses you.
You miss the quokka. You grab the quokka. You constrict the quokka.
The ball python barely misses you. The ball python misses you.
You block the quokka's attack. The ball python bites you.
The ball python misses you. The quokka bites you.
* * * LOW HITPOINT WARNING * * *
You release your grip on the quokka.
The quokka bites you.
* * * LOW HITPOINT WARNING * * *
The ball python attacks as it pursues you!
You block the ball python's attack. The ball python grabs you.
The ball python constricts you.
* * * LOW HITPOINT WARNING * * *
You escape the ball python's grasp.
The ball python attacks as it pursues you!
The ball python bites you.
* * * LOW HITPOINT WARNING * * *
The ball python grabs you. The ball python constricts you.
* * * LOW HITPOINT WARNING * * *
You tentacle-slap the ball python.
You kill the ball python!
The bat hits you.
You die...

##.###.## #
##...#...######## .#
#.#............## ... #
.####...#...#####.## ....#.
#.....†.....#####.##
......###.###..............
.......#. #####..#####.##
..>...#†###### #..# #.#
......†.rb@..# #..# #.#
#...########.# #..# #.# #
####.####..## #.#
#.......#...# #..
#.#####.#.#.# ### # #.#.#.#
#...#.# #.###.# #.# #.#


You could see a quokka and a bat.

Vanquished Creatures
  A dart slug (D:1)
  A ball python (D:1)
  2 endoplasms (D:1)
  A quokka (D:1)
  A bat (D:1)
  3 rats (D:1)
9 creatures vanquished.

Notes
Turn   | Place    | Note
-------+----------+-------------------------------------------
     0 | D:1      | Dorkslayer the Octopode Fighter began the quest for the
                  | Orb.
     0 | D:1      | Reached XP level 1. HP: 16/16 MP: 1/1
   142 | D:1      | Found a faded altar of an unknown god.
   190 | D:1      | Reached XP level 2. HP: 21/21 MP: 2/2
   229 | D:1      | HP: 1/21 [constriction (1)]
   230 | D:1      | Slain by a bat

Illustrated notes

Levels and vault maps discovered:
D:1:      saegor_arrival_simple_b, layout_loops_ring,
          hellmonk_ecumenical_altar_slurped_away, serial_shops,
          nicolae_shop_window_shopping, chequers_arboretum, minmay_misc_feat_x

Action                     || total
---------------------------++-------
  Melee: Unarmed           ||    22
         Constrict         ||     6
         Tentacles         ||     3
         Punch             ||     2
   Stab: Sleeping          ||     3
 Armour: Skin              ||    12
  Dodge: Dodged            ||    16
  Block: Buckler           ||     4

Table legend: (Time is in decaauts)
 A = Elapsed time spent in this place.
 B = Non-inter-level travel time spent in this place.
 C = Inter-level travel time spent in this place.
 D = Time resting spent in this place.
 E = Time spent auto-exploring this place.
 F = Levels seen in this place.
 G = Mean time per level.
                   A        B        C        D        E       F      G
               +--------+--------+--------+--------+--------+-----+--------+
         Total |    229 |    229 |      0 |      0 |    163 |   1 |  229.0 |
       Dungeon |    229 |    229 |      0 |      0 |    163 |   1 |  229.0 |
               +--------+--------+--------+--------+--------+-----+--------+

Top non-repeatable levels by time:
     D:1: 229 daAuts
